AoeStats
← J.Try88

Arabia

507543542Analyzed
2v2 RM · 13d ago on Sep 18, 2026· 46m 14s· 4 players
Game mode
Random Map
Map size
Medium (4 player)
Population
200
Speed
Normal
Resources
Standard
Victory
Conquest
Starting age
Dark Age
Ending age
Imperial Age
RankedLock teamsTeams togetherTeam positionsShared explorationLock speedFull tech treeHidden civsTurbo modeCheats
Victory
Defeat
🇩🇪 Franks · Germany
760
+16
🇩🇪 Dravidians · Germany
760
+16
🇳🇱 Dravidians · Netherlands
769
-16
🇷🇴 Franks · Romania
768
-16
Rubinius, the Beauty
9:05 Loom
12:25 Feudal Age
15:16 Wheelbarrow
17:09 Castle Age
14:57 Double-Bit Axe
15:13 Horse Collar
16:15 Town Watch
18:46 Thumb Ring
19:29 Fletching
19:42 Padded Archer Armor
21:01 Bow Saw
21:08 Husbandry
22:04 Heavy Plow
22:47 Bodkin Arrow
24:06 Ballistics
24:09 Gold Mining
25:09 Hand Cart
25:30 Leather Archer Armor
26:36 Town Patrol
31:08 Imperial Age
30:21 Stone Mining
32:16 Bracer
34:40 Chemistry
33:18 Elite Elephant Archer
35:33 Two-Man Saw
36:21 Masonry
38:03 Ring Archer Armor
39:04 Medical Corps
39:29 Siege Elephant
45:40 Hoardings
KodaK.
11:27 Loom
13:12 Feudal Age
15:43 Double-Bit Axe
21:13 Castle Age
23:15 Husbandry
27:20 Bow Saw
28:12 Scale Barding Armor
28:18 Forging
28:17 Scale Barding Armor
35:55 Iron Casting
35:58 Elite Skirmisher
37:51 Man-at-Arms
38:21 Gambesons
42:27 Imperial Age
39:33 Long Swordsman
39:35 Pikeman
40:19 Squires
40:23 Scale Mail Armor
40:30 Gold Mining
42:34 Two-Handed Swordsman
43:02 Halberdier
GRPo
2:01 Loom
9:41 Feudal Age
10:12 Double-Bit Axe
18:25 Castle Age
19:18 Bow Saw
19:03 Gold Mining
19:03 Stone Mining
19:52 Husbandry
20:00 Scale Barding Armor
23:33 Town Watch
24:32 Wheelbarrow
26:34 Forging
26:15 Fletching
26:36 Squires
25:57 Pikeman
29:04 Iron Casting
28:32 Scale Mail Armor
28:48 Town Patrol
32:54 Arson
34:49 Chain Mail Armor
36:04 Chain Barding Armor
36:20 Iron Casting
36:09 Bodkin Arrow
37:14 Padded Archer Armor
42:11 #83
44:44 Murder Holes
45:00 Masonry
J.Try88
11:05 Feudal Age
12:07 Double-Bit Axe
12:06 Horse Collar
16:42 Castle Age
18:23 Bow Saw
18:15 Pikeman
18:57 Squires
19:02 Scale Mail Armor
19:03 Fletching
21:25 Wheelbarrow
22:40 Elite Skirmisher
23:29 Husbandry
23:08 Crossbowman
24:55 Scale Barding Armor
24:49 Bodkin Arrow
26:34 Masonry
26:45 Ballistics
26:51 Forging
28:39 Hand Cart
28:45 Thumb Ring
30:30 Chain Mail Armor
34:09 Iron Casting
33:36 Padded Archer Armor
35:56 Chain Barding Armor
47:27 Imperial Age
Connection lost

Rejoining the realm…

Still unreachable

The connection could not be restored.

Session expired

The server has moved on; the page needs a fresh start.